AoeStats
← BigBlob

Black Forest

503982523Analyzed
1v1 RM · 28d ago on Sep 3, 2026· 27m 46s· 2 players
Game mode
Random Map
Map size
Tiny (2 player)
Population
200
Speed
Normal
Resources
Standard
Victory
Conquest
Starting age
Dark Age
Ending age
Imperial Age
RankedLock teamsTeams togetherTeam positionsShared explorationLock speedFull tech treeHidden civsTurbo modeCheats
Victory
Defeat
🇦🇺 Poles · Australia
1303
+16
🇩🇪 Berbers · Germany
1293
-16
BigBlob
0:42 Loom
11:17 Feudal Age
17:12 Castle Age
16:29 Bloodlines
16:41 Double-Bit Axe
17:24 Fishing Lines
19:14 Horse Collar
20:21 Husbandry
23:50 Fishing Lines
26:01 Forging
28:02 Wheelbarrow
StealthCake
10:48 Feudal Age
11:43 Loom
14:26 Castle Age
12:27 Double-Bit Axe
12:43 Horse Collar
15:06 Stone Mining
16:01 Bow Saw
18:34 Wheelbarrow
18:46 Heavy Plow
19:36 Gold Mining
24:06 Szlachta Privileges
24:41 Bloodlines
24:52 Husbandry
25:29 Forging
25:25 Scale Barding Armor
Connection lost

Rejoining the realm…

Still unreachable

The connection could not be restored.

Session expired

The server has moved on; the page needs a fresh start.